AoeStats
← [GG] Shevchenko 7

MegaRandom

506759121Analyzed
3v3 RM · 19d ago on Sep 15, 2026· 25m 23s· 6 players
Game mode
Random Map
Map size
Normal (6 player)
Population
200
Speed
Normal
Resources
Standard
Victory
Conquest
Starting age
Dark Age
Ending age
Imperial Age
RankedLock teamsTeams togetherTeam positionsShared explorationLock speedFull tech treeHidden civsTurbo modeCheats
Victory
Defeat
🇧🇷 Magyars · Brazil
990
+14
🇧🇷 Franks · Brazil
986
+14
980
+14
🇨🇦 Georgians · Canada
951
-14
🇨🇦 Huns · Canada
944
-14
🇨🇦 Shu · Canada
937
-14
Hayah
5:21 Loom
11:20 Feudal Age
12:44 Double-Bit Axe
12:46 Horse Collar
15:44 Forging
19:01 Gold Mining
19:02 Stone Mining
25:05 Castle Age
banana
11:32 Feudal Age
10:52 Loom
12:12 Double-Bit Axe
12:10 Fishing Lines
13:34 Horse Collar
14:36 Gold Mining
19:53 Castle Age
18:34 Wheelbarrow
18:52 Fletching
19:49 Stone Mining
20:46 Gillnets
22:29 Bow Saw
22:37 Medium Warships
23:09 Husbandry
23:20 Bloodlines
24:04 Scale Barding Armor
jalo117
13:50 Feudal Age
15:18 Double-Bit Axe
16:01 Fishing Lines
16:55 Man-at-Arms
19:14 Fletching
20:50 Loom
26:02 Castle Age
[GG] Raúl González Blanco
4:01 Loom
11:57 Feudal Age
12:57 Town Watch
19:56 Castle Age
[GG] Shevchenko 7
5:11 Loom
14:24 Feudal Age
22:44 Castle Age
25:31 Scale Barding Armor
25:37 Forging
25:32 Husbandry
25:34 Scale Mail Armor
[GG] Trezeguet
9:03 Loom
11:23 Feudal Age
14:58 Horse Collar
16:04 Double-Bit Axe
22:46 Castle Age
21:18 Gold Mining
24:44 Bow Saw
25:16 Corvinian Army
Connection lost

Rejoining the realm…

Still unreachable

The connection could not be restored.

Session expired

The server has moved on; the page needs a fresh start.